 Dungeon Crawl Stone Soup version 0.31.0-12-g77e489cdc1 (webtiles) character file.

Game seed: 3628359065747236950

185 booth the Chopper (level 5, 0/41 HPs)
             Began as a Demonspawn Gladiator on Feb 29, 2024.
             Succumbed to a kobold brigand's poison
             ... in a sewer.
             The game lasted 00:18:14 (2420 turns).

booth the Chopper (Demonspawn Gladiator)            Turns: 2420, Time: 00:18:14

Health: 0/41       AC:  7    Str: 14 (17) XL:     5   Next: 37%
Magic:  5/5        EV: 12    Int:  5 (8)  God:
Gold:   25         SH:  0    Dex: 12 (14) Spells: 4/4 levels left

rFire   + . .        a - +2 war axe (flame)
rCold   + . .        (no shield)
rNeg    . . .        b - +0 leather armour
rPois   .            c - +0 helmet
rElec   .            h - scarf {rC+ rF+}
rCorr   .            p - +0 pair of gloves
SInv    .            (no boots)
Will    .....        (no amulet)
Stlth   +            (no ring)
HPRegen 0.26/turn    (no ring)
MPRegen 0.18/turn

%: no passive effects
@: lethally poisoned (0 -> -6), hasted, very quick
A: hooves 1, icy blue scales 1, magic regeneration
a: no special abilities


You were in a sewer.
You visited 1 branch of the dungeon, and saw 3 of its levels.
You also visited: Sewer.

You collected 140 gold pieces.
You spent 115 gold pieces at shops.

Inventory:

Hand Weapons
 a - a +2 war axe of flaming (weapon)
 l - a +0 mace
 n - a +0 whip of draining
Missiles
 d - 3 throwing nets (quivered)
 e - a javelin
 j - 8 poisoned darts
Armour
 b - a +0 leather armour (worn)
 c - a +0 helmet (worn)
 h - a scarf of resistance (worn)
 p - a +0 pair of gloves (worn)
Wands
 g - a wand of mindburst (12)
Scrolls
 f - 3 scrolls of amnesia
 i - a scroll of fog
 k - a scroll of teleportation
 o - a scroll of vulnerability
 s - 2 scrolls of butterflies {unknown}
Potions
 q - a potion of degeneration
 r - a potion of mutation {unknown}


   Skills:
 + Level 3.2 Fighting
 * Level 4.2 Axes
 + Level 2.9 Throwing
 - Level 3.0 Dodging


You had 4 spell levels left.
You didn't know any spells.
Your spell library was empty.

Dungeon Overview and Level Annotations

Branches:
Dungeon (3/15)              Sewer (1/1)

Altars:

Shops:
D:2 *

Annotations:
D:3 1 runed translucent door, Crazy Yiuf


Innate Abilities, Weirdness & Mutations

You have large cloven feet.
You are partially covered in icy blue scales. (AC +2)
You regenerate magic rapidly.


Message History

The poisoned dart hits you!
You are more poisoned.
You feel very sick.
Unknown command.
You feel very sick.
You hit the kobold brigand. You burn the kobold brigand.
You kick the kobold brigand, but do no damage.
You punch the kobold brigand, but do no damage.
The kobold brigand is moderately wounded.
You feel very sick.
The kobold brigand splashes around in the water.
You miss the kobold brigand. Your kick misses the kobold brigand.
The kobold brigand is lightly wounded.
You hit the kobold brigand. You burn the kobold brigand.
You feel very sick. The kobold brigand barely misses you.
The kobold brigand hits you with a +0 dagger.
You closely miss the kobold brigand.
The kobold brigand is lightly wounded.
You hit the kobold brigand. You burn the kobold brigand.
You feel sick.
The kobold brigand hits you but does no damage.
The kobold brigand hits you with a +0 short sword.
* * * LOW HITPOINT WARNING * * *
You slash the kobold brigand! You burn the kobold brigand.
The kobold brigand is severely wounded.
You hit the kobold brigand. You burn the kobold brigand.
* * * LOW HITPOINT WARNING * * *
You feel sick.
You closely miss the kobold brigand. Your kick misses the kobold brigand.
The kobold brigand is severely wounded.
You hit the kobold brigand. You burn the kobold brigand.
* * * LOW HITPOINT WARNING * * *
You feel sick.
The kobold brigand hits you with a +0 short sword.
* * * LOW HITPOINT WARNING * * *
The kobold brigand hits you but does no damage.
It was a potion of degeneration.
There was something very wrong with that liquid.
You feel weakened.
You feel dopey.
You feel clumsy.
You die...

~.#
##.~.#
~.
#~~.#
#~~.#
##~~~##
#~..~~#
#~###~#
#~# ~#
##~##
~#
#~K@#
~.
#~#K#
#~
#~#~#
#~#~#
#.#.#
#####


You could see 2 kobold brigands.

Vanquished Creatures
  Robin (D:2)
  7 adders
  2 river rats (D:3)
  2 dart slugs
  A ribbon worm (Sewer)
  6 bats
  11 endoplasms
  5 giant cockroaches
  19 goblins
  3 hobgoblins
  3 jackals
  4 ball pythons
  2 frilled lizards (D:2)
  8 kobolds
  8 rats
82 creatures vanquished.

Notes
Turn   | Place    | Note
-------+----------+-------------------------------------------
     0 | D:1      | booth the Demonspawn Gladiator began the quest for the Orb.
     0 | D:1      | Reached XP level 1. HP: 16/16 MP: 1/1
   246 | D:1      | Gained mutation: You have large cloven feet. [demonic
                  | ancestry]
   246 | D:1      | Reached XP level 2. HP: 22/22 MP: 2/2
   353 | D:1      | Reached skill level 3 in Axes
   669 | D:2      | Gained mutation: You regenerate magic rapidly. [demonic
                  | ancestry]
   669 | D:2      | Reached XP level 3. HP: 28/28 MP: 3/3
  1067 | D:2      | Gained mutation: You are partially covered in icy blue
                  | scales. (AC +2) [demonic ancestry]
  1067 | D:2      | Reached XP level 4. HP: 15/34 MP: 4/4
  1228 | D:2      | Found Cahenwestro's General Store.
  1255 | D:2      | Bought a scroll of identify for 20 gold pieces
  1613 | D:3      | Found a runed translucent door.
  1614 | D:3      | Noticed Crazy Yiuf
  1843 | D:2      | Noticed Robin
  1866 | D:2      | Killed Robin
  1970 | D:2      | Bought a scroll of brand weapon for 95 gold pieces
  2092 | D:3      | Reached skill level 4 in Axes
  2092 | D:3      | Reached XP level 5. HP: 41/41 MP: 5/5
  2102 | D:3      | Found a glowing drain.
  2140 | Sewer    | Entered a sewer
  2419 | Sewer    | HP: 1/41 [kobold brigand/+0 short sword (5)]
  2420 | Sewer    | Succumbed to a kobold brigand's poison

Illustrated notes

Levels and vault maps discovered:
D:1:      dpeg_arrival_three_smaller_balls, layout_rooms, dk_noncrumbling_3,
          serial_park_tiny_pond, minmay_pentomino_o4
D:2:      layout_basic, serial_shops, nicolae_shop_crystal, uniq_robin
D:3:      layout_loops_ring, portal_sewer_entry_a, uniq_crazy_yiuf_cottage
Sewer:    sewer_co_tree

Skill      XL: |  1  2  3  4 |
---------------+-------------+-----
Throwing       | 2 |  2.9
Axes           | 3 4 |  4.2
Dodging        | 3 |  3.0
Fighting       | 3 |  3.2

Action                     |  1- 3 |  4- 6 || total
---------------------------+-------+-------++-------
  Melee: War axe           |   108 |   114 ||   222
         Kick              |    16 |    22 ||    38
         Punch             |       |     1 ||     1
    Use: Scroll            |     6 |     4 ||    10
         Potion            |     1 |     2 ||     3
   Stab: Sleeping          |     1 |       ||     1
 Armour: Leather armour    |    65 |    87 ||   152
  Dodge: Dodged            |    87 |    88 ||   175
